 Dungeon Crawl Stone Soup version 0.24-a0-699-g5a66b1aa3b (webtiles) character file.

Game seed: 9108210516912551855, levelgen mode: deterministic

1890 Anathary the Covert (level 9, -6/44 HPs)
             Began as a Vine Stalker Assassin on Sept 29, 2019.
             Mangled by Joseph
             ... wielding a +0 quarterstaff
              (8 damage)
             ... on level 7 of the Dungeon.
             The game lasted 00:28:50 (4933 turns).

Anathary the Covert (Vine Stalker Assassin)         Turns: 4933, Time: 00:28:51

Health: -6/44      AC:  6    Str: 13    XL:     9   Next: 15%
Magic:  0/10       EV: 14    Int: 11    God:
Gold:   283        SH:  0    Dex: 20    Spells: 8/8 levels left

rFire    . . .     SeeInvis .   m - +5 short sword
rCold    . . .     Gourm    .   (no shield)
rNeg     . . .     Faith    .   b - +1 robe
rPois    .         Spirit   +   (no helmet)
rElec    .         Reflect  .   h - +2 cloak
rCorr    .         Harm     .   (no gloves)
MR       +....                  (no boots)
Stlth    +++++.....             (no amulet)
HPRegen  0.54/turn              (no ring)
MPRegen  0.12/turn              (no ring)

@: no status effects
A: fangs 3, regeneration 1, magic shield, antimagic bite, no potion heal 3, rot
immunity
a: no special abilities


You were on level 7 of the Dungeon.
You were not hungry.

You visited 1 branch of the dungeon, and saw 7 of its levels.

You collected 283 gold pieces.

Inventory:

Hand Weapons
 m - a +5 short sword (weapon)
Missiles
 d - 8 poisoned darts (quivered)
 e - 2 curare-tipped darts
Armour
 b - a +1 robe (worn)
 c - a +0 cloak
 h - a +2 cloak (worn)
Wands
 l - a wand of clouds (7)
 p - a wand of polymorph (27)
 t - a wand of iceblast (5)
 y - a wand of digging (5)
Scrolls
 k - 2 scrolls of enchant armour
 n - 6 scrolls of identify
 q - 2 scrolls of blinking
 r - a scroll of enchant weapon
Potions
 f - 2 potions of resistance
 g - a potion of agility {unknown}
 i - 2 potions of might {unknown}
 j - a potion of magic {unknown}
 s - a potion of haste {unknown}
 u - a potion of curing {unknown}
 x - a potion of cancellation {unknown}
 z - a potion of lignification {unknown}
 A - 3 potions of heal wounds {unknown}
Comestibles
 a - 5 rations


   Skills:
 + Level 3.2 Fighting
 + Level 5.1 Short Blades
 + Level 2.0 Throwing
 + Level 2.9 Dodging
 * Level 12.3 Stealth


You had 8 spell levels left.
You didn't know any spells.
Your spell library contained the following spells:

 Spells                   Type           Power        Failure   Level  Hunger
 Shock                    Conj/Air       #...         34%         1    ##.....
 Swiftness                Chrm/Air       #.......     47%         2    ###....
 Static Discharge         Conj/Air       #.......     71%         3    ####...
 Airstrike                Air            #.........   98%         4    #####..
 Lightning Bolt           Conj/Air       #.........   100%        5    ######.


Dungeon Overview and Level Annotations

Branches:
Dungeon (7/15)
 Temple: D:4-7

Altars:
Elyvilon
Qazlal
Wu Jian

Shops:
D:5 *

Annotations:
D:7 Joseph


Innate Abilities, Weirdness & Mutations

You have razor-sharp teeth.
Your natural rate of healing is unusually fast.
When hurt, damage is shared between your health and your magic reserves.
Your bite disrupts and absorbs the magic of your enemies.
Potions cannot restore your health.
You are immune to rotting.


Message History

You hit Joseph. Your bite misses Joseph.
Joseph is severely wounded.
Joseph barely misses you.
You puncture Joseph! Your bite misses Joseph.
Joseph is almost dead.
Joseph hits you but does no damage.
You completely miss Joseph.
Joseph is almost dead.
You hit Joseph but do no damage.
Joseph is almost dead.
Joseph hits you with a +0 quarterstaff.
* * * LOW HITPOINT WARNING * * *
You hit Joseph. You bite Joseph, but do no damage.
Joseph is almost dead.
Joseph hits you with a +0 quarterstaff.
* * * LOW HITPOINT WARNING * * *
You hit Joseph. Your bite misses Joseph.
Joseph is almost dead.
Joseph hits you with a +0 quarterstaff!
You die...

#+# ##.# ##.#
#.######
#......#
#...... .
#†..# ...
######...#..#
#...(@@.....##
######<.......
#..###.##
#/... # #.####
#.# #.# #.#
#.#


You could see Joseph.

Vanquished Creatures
  Prince Ribbit (D:5)
  A sky beast (D:5)
  2 phantoms (D:6)
  An ice beast (D:6)
  2 ogres
  A centaur (D:6)
  A gnoll sergeant (D:6)
  A howler monkey (D:6)
  4 crimson imps (D:5)
  3 hounds
  3 bullfrog zombies
  A centaur skeleton (D:6)
  3 bullfrog skeletons
  Ijyb (D:5)
  Jessica (D:2)
  6 orc wizards
  4 worker ants
  5 gnolls (D:6)
  11 adders
  2 adder skeletons
  A dart slug (D:4)
  9 leopard geckos
  13 orcs
  9 bats
  2 giant cockroaches
  6 goblins
  8 hobgoblins
  2 quokkas
  2 ball pythons
  6 frilled lizards
  7 kobolds
  A quokka skeleton (D:5)
  8 rats
128 creatures vanquished.

Notes
Turn   | Place    | Note
-------+----------+-------------------------------------------
     0 | D:1      | Anathary the Vine Stalker Assassin began the quest for the
                  | Orb.
     0 | D:1      | Reached XP level 1. HP: 11/11 MP: 2/2
     3 | D:1      | Noticed an electric eel
     3 | D:1      | Noticed an electric eel
    49 | D:1      | Reached skill level 5 in Stealth
   208 | D:1      | Reached XP level 2. HP: 9/15 MP: 3/3
   817 | D:2      | Reached XP level 3. HP: 18/18 MP: 4/4
  1227 | D:2      | Reached skill level 6 in Stealth
  1436 | D:2      | Noticed Jessica
  1453 | D:2      | Killed Jessica
  1453 | D:2      | Reached skill level 1 in Dodging
  1453 | D:2      | Gained mutation: Your natural rate of healing is unusually
                  | fast. [Vine Stalker growth]
  1453 | D:2      | Reached XP level 4. HP: 23/23 MP: 5/5
  1721 | D:3      | You fall into a shaft and drop 3 floors!
  1722 | D:6      | Noticed a phantom
  1725 | D:6      | Found an ornate altar of the Wu Jian Council.
  1736 | D:6      | Reached skill level 7 in Stealth
  1736 | D:6      | Reached XP level 5. HP: 20/26 MP: 4/6
  1746 | D:6      | Noticed an ice beast
  1772 | D:5      | Entered Level 5 of the Dungeon
  1790 | D:5      | Reached XP level 6. HP: 30/30 MP: 7/7
  1830 | D:5      | Reached skill level 8 in Stealth
  1934 | D:5      | Noticed a sky beast
  2078 | D:4      | Reached XP level 7. HP: 35/35 MP: 8/8
  2169 | D:4      | Reached skill level 9 in Stealth
  3662 | D:5      | Found a stormy altar of Qazlal.
  3688 | D:5      | Noticed Prince Ribbit
  3706 | D:5      | Killed Prince Ribbit
  3706 | D:5      | Reached skill level 10 in Stealth
  3706 | D:5      | Gained mutation: You have razor-sharp teeth. [Vine Stalker
                  | growth]
  3706 | D:5      | Reached XP level 8. HP: 36/39 MP: 9/9
  3710 | D:5      | Found Meheakk's Assorted Antiques.
  4232 | D:5      | Noticed Ijyb
  4238 | D:5      | Killed Ijyb
  4238 | D:5      | Reached skill level 11 in Stealth
  4487 | D:6      | Reached skill level 5 in Short Blades
  4598 | D:6      | Reached skill level 12 in Stealth
  4598 | D:6      | Reached XP level 9. HP: 42/44 MP: 10/10
  4729 | D:6      | Found a white marble altar of Elyvilon.
  4888 | D:7      | Noticed Joseph
  4922 | D:7      | HP: 1/44 [Joseph/+0 quarterstaff (3)]
  4931 | D:7      | HP: 2/44 [Joseph/+0 quarterstaff (2)]
  4933 | D:7      | Mangled by Joseph

Levels and vault maps discovered:
D:1:      arrival_aquarium_b, layout_rooms, minmay_tripent
D:2:      layout_basic, hangedman_decor_slide_cut, uniq_jessica
D:3:      minmay_recursive_quarters, layout_basic
D:4:      layout_basic, first_ration
D:5:      layout_basic, marbit_many_paths, serial_shops, shop,
          uniq_prince_ribbit1, uniq_ijyb
D:6:      layout_rooms, basic_altar, elyvilon_altar_1
D:7:      layout_loops_corners, nicolae_overflow_hidden_temple,
          minmay_temple_entry_large_hall, serial_shops,
          nicolae_shop_behind_doors, uniq_joseph, uniq_crazy_yiuf_cottage,
          uniq_pikel

Skill      XL: |  1  2  3  4  5  6  7  8 |
---------------+-------------------------+-----
Stealth        | 5 6 7 8 10 12 | 12.3
Short Blades   | 2 3 4 5 |  5.1
Throwing       | 2 |  2.0
Fighting       | 2 3 |  3.2
Dodging        | 1 2 |  2.9

Action                   |  1- 3 |  4- 6 |  7- 9 || total
-------------------------+-------+-------+-------++-------
Melee: Dagger            |    17 |       |       ||    17
       Bite              |     5 |    16 |    81 ||   102
       Short sword       |    53 |    65 |   260 ||   378
  Use: Scroll            |       |       |     9 ||     9
 Stab: Sleeping          |    12 |    10 |    20 ||    42
  Eat: Ration            |     1 |       |     3 ||     4
Armor: Robe              |    11 |    23 |    63 ||    97
Dodge: Dodged            |    35 |    25 |   107 ||   167

Table legend:
 A = Non-vault XP
 B = Vault XP
 C = Vault XP percentage of total XP
 D = Non-vault monster count
 E = Vault monster count
 F = Vault count percentage of total count
                 A         B        C        D         E       F
            +---------+---------+-------+---------+---------+-------
      Total |    2260 |     441 |  16.3 |     112 |      16 |  12.5
            +---------+---------+-------+---------+---------+-------
        D:1 |      28 |       3 |   9.7 |      16 |       2 |  11.1
        D:2 |      60 |      37 |  38.1 |      23 |       1 |   4.2
        D:3 |      27 |      62 |  69.7 |       9 |      10 |  52.6
        D:4 |     321 |       0 |   0.0 |      12 |       0 |   0.0
        D:5 |     742 |     339 |  31.4 |      27 |       3 |  10.0
        D:6 |     995 |       0 |   0.0 |      19 |       0 |   0.0
        D:7 |      87 |       0 |   0.0 |       6 |       0 |   0.0
            +---------+---------+-------+---------+---------+-------
